 Dungeon Crawl Stone Soup version 0.21-a0-630-g344d351 (webtiles) character file.

64 tidbits the Digger (level 4, -5/32 HPs)
             Began as a Gnoll Earth Elementalist on Dec 26, 2017.
             Slain by cirnu's ghost (7 damage)
             ... on level 4 of the Dungeon.
             The game lasted 00:04:30 (549 turns).

tidbits the Digger (Gnoll Earth Elementalist)        Turns: 549, Time: 00:04:30

Health: -5/32      AC:  2    Str: 10    XL:     4   Next: 12%
Magic:  4/11       EV: 20    Int: 19    God:
Gold:   97         SH:  0    Dex: 20    Spells: 10/13 levels left

rFire    . . .     SeeInvis .   a - -2 club (curse)
rCold    . . .     Gourm    .   (no shield)
rNeg     . . .     Faith    .   c - +0 robe
rPois    .         Spirit   .   (no helmet)
rElec    .         Reflect  .   (no cloak)
rCorr    .         Harm     .   (no gloves)
MR       .....                  (no boots)
Stlth    ++++......             (no amulet)
HPRegen  0.10/turn              (no ring)
MPRegen  0.12/turn              (no ring)

@: agile
A: distributed training, fangs 1, strong nose
a: no special abilities


You were on level 4 of the Dungeon.
You were not hungry.

You visited 1 branch of the dungeon, and saw 4 of its levels.

You collected 97 gold pieces.

Inventory:

Hand Weapons
 a - a cursed -2 club (weapon)
Missiles
 b - 21 stones (quivered)
 f - 20 poisoned needles
 h - 29 sling bullets
 m - 12 arrows
Armour
 c - a +0 robe (worn)
 j - a +0 shield
 l - a +0 buckler
Jewellery
 i - an uncursed ring of ice
   (You found it on level 2 of the Dungeon)
Scrolls
 g - a scroll of noise
 k - a scroll of identify
Books
 e - a book of Geomancy

   Spells                             Type                      Level
   a - Sandblast                      Earth                        1
   b - Passwall                       Transmutation/Earth          2
   c - Stone Arrow                    Conjuration/Earth            3
   d - Petrify                        Transmutation/Earth          4
   e - Lee's Rapid Deconstruction     Earth                        5
Comestibles
 d - 4 rations


   Skills:
 + Level 1.0 Fighting
 + Level 1.0 Short Blades
 + Level 1.0 Long Blades
 + Level 1.0 Axes
 + Level 1.0 Maces & Flails
 + Level 1.0 Polearms
 + Level 1.0 Staves
 + Level 1.0 Slings
 + Level 1.0 Bows
 + Level 1.0 Crossbows
 + Level 1.0 Throwing
 + Level 1.0 Armour
 + Level 4.6 Dodging
 + Level 4.2 Stealth
 + Level 1.0 Shields
 + Level 1.0 Unarmed Combat
 + Level 5.0 Spellcasting
 + Level 0.7 Conjurations
 + Level 0.7 Hexes
 + Level 0.7 Charms
 + Level 0.7 Summonings
 + Level 0.7 Necromancy
 + Level 0.7 Translocations
 + Level 2.2 Transmutations
 + Level 0.7 Fire Magic
 + Level 0.7 Ice Magic
 + Level 0.7 Air Magic
 + Level 5.4 Earth Magic
 + Level 0.7 Poison Magic
 + Level 1.1 Invocations
 + Level 1.0 Evocations


You had 10 spell levels left.
You knew the following spells:

 Your Spells              Type           Power        Failure   Level  Hunger
a - Sandblast             Erth           ####..       1%          1    None
p - Passwall              Tmut/Erth      ###.......   3%          2    #......


Dungeon Overview and Level Annotations

Branches:
Dungeon (4/15)
 Temple: D:4-7

Altars:
Kikubaaqudgha
Vehumet
The Shining One

Annotations:
D:4 cirnu's ghost, amateur DsFi


Innate Abilities, Weirdness & Mutations

Your experience applies equally to all skills.
You have very sharp teeth.
Your uncanny sense of smell can sniff out nearby items.


Message History

It is a scroll of enchant weapon.
Your cursed -3 club glows red for a moment.
You climb downwards.
There is a stone staircase leading up here.
There is a stone staircase leading down here.
You climb downwards.
You hear the hiss of flowing sand.
There is an entrance to an ossuary on this level.
Hurry and find it before the portal is buried!
You hear the slow hiss of a very distant avalanche of sand.
Level annotation: cirnu's ghost, amateur DsFi Cirnu's ghost whispers, "Everlasting silence awaits you..."
Cirnu's ghost closely misses you. Cirnu's ghost barely misses you.
There is a stone staircase leading up here.
You feel agile all of a sudden. Cirnu's ghost misses you.
Unknown command.
Fire/throw which item? (* to show all) (? for menu, Esc to quit)
Really fire
o - a throwing net {!f}?
Press: ? - help, Shift-Dir - straight line, f - cirnu's ghost
Aim: cirnu's ghost, wielding a weapon of protection You throw a throwing net {!f}.
The throwing net {!f} hits cirnu's ghost.
The net passes right through cirnu's ghost!
Cirnu's ghost completely misses you.
Unknown command.
Casting: Sandblast
Confirm with . or Enter, or press ? or * to list all spells.
Aiming: Sandblast
Press: ? - help, Shift-Dir - straight line, f/p - cirnu's ghost
Aim: cirnu's ghost, wielding a weapon of protection The blast of sand hits cirnu's ghost.
Cirnu's ghost is lightly damaged.
b - 28 stones Cirnu's ghost completely misses you.
Casting: Sandblast
Confirm with . or Enter, or press ? or * to list all spells.
Aiming: Sandblast
Press: ? - help, Shift-Dir - straight line, f/p - cirnu's ghost
Aim: cirnu's ghost, wielding a weapon of protection (lightly damaged)
The blast of sand misses cirnu's ghost.
b - 27 stones Cirnu's ghost completely misses you.
Casting: Sandblast
Confirm with . or Enter, or press ? or * to list all spells.
Aiming: Sandblast
Press: ? - help, Shift-Dir - straight line, f/p - cirnu's ghost
Aim: cirnu's ghost, wielding a weapon of protection (lightly damaged)
The blast of sand hits cirnu's ghost.
Cirnu's ghost is heavily damaged.
b - 26 stones Cirnu's ghost closely misses you.
Your magical contamination has completely faded away.
Casting: Sandblast
Confirm with . or Enter, or press ? or * to list all spells.
Aiming: Sandblast
Press: ? - help, Shift-Dir - straight line, f/p - cirnu's ghost
Aim: cirnu's ghost, wielding a weapon of protection (heavily damaged)
The blast of sand hits cirnu's ghost.
Cirnu's ghost is heavily damaged.
b - 25 stones Cirnu's ghost hits you.
* * * LOW HITPOINT WARNING * * *
Casting: Sandblast
Confirm with . or Enter, or press ? or * to list all spells.
Aiming: Sandblast
Press: ? - help, Shift-Dir - straight line, f/p - cirnu's ghost
Aim: cirnu's ghost, wielding a weapon of protection (heavily damaged)
The blast of sand hits cirnu's ghost.
Cirnu's ghost is heavily damaged.
b - 24 stones Cirnu's ghost barely misses you.
Casting: Sandblast
Confirm with . or Enter, or press ? or * to list all spells.
Aiming: Sandblast
Press: ? - help, Shift-Dir - straight line, f/p - cirnu's ghost
Aim: cirnu's ghost, wielding a weapon of protection (heavily damaged)
The blast of sand hits cirnu's ghost.
Cirnu's ghost is severely damaged.
b - 23 stones Cirnu's ghost completely misses you.
Casting: Sandblast
Confirm with . or Enter, or press ? or * to list all spells.
Aiming: Sandblast
Press: ? - help, Shift-Dir - straight line, f/p - cirnu's ghost
Aim: cirnu's ghost, wielding a weapon of protection (severely damaged)
The blast of sand hits cirnu's ghost.
Cirnu's ghost is severely damaged.
b - 22 stones Cirnu's ghost hits you!
* * * LOW HITPOINT WARNING * * *
Casting: Sandblast
Confirm with . or Enter, or press ? or * to list all spells.
Aiming: Sandblast
Press: ? - help, Shift-Dir - straight line, f/p - cirnu's ghost
Aim: cirnu's ghost, wielding a weapon of protection (severely damaged)
The blast of sand hits cirnu's ghost.
Cirnu's ghost is almost destroyed.
b - 21 stones Cirnu's ghost hits you!
You die...

#### #..
∆ #.# #@#
#W..(....
##...####
.....
...#...
#.## .#
∆%. . _..


You could see cirnu's ghost.

Vanquished Creatures
  4 gnolls (D:3)
  An ooze (D:2)
  A worm (D:2)
  A leopard gecko (D:1)
  A ball python (D:3)
  A bat (D:1)
  A giant cockroach (D:3)
  2 goblins
  3 hobgoblins
  A quokka (D:3)
  A frilled lizard (D:2)
  A rat (D:2)
18 creatures vanquished.

Notes
Turn   | Place    | Note
-------+----------+-------------------------------------------
     0 | D:1      | tidbits the Gnoll Earth Elementalist began the quest for the Orb.
     0 | D:1      | Reached XP level 1. HP: 13/13 MP: 6/6
    59 | D:1      | Reached skill level 2 in Transmutations
   101 | D:2      | Reached XP level 2. HP: 19/19 MP: 4/7
   105 | D:2      | Learned a level 2 spell: Passwall
   236 | D:2      | Found a glowing golden altar of the Shining One.
   389 | D:3      | Found an ancient bone altar of Kikubaaqudgha.
   403 | D:4      | Found a radiant altar of Vehumet.
   403 | D:4      | Noticed cirnu's ghost (amateur DsFi)
   459 | D:3      | Reached skill level 5 in Spellcasting
   459 | D:3      | Reached XP level 3. HP: 25/25 MP: 2/9
   461 | D:3      | Reached skill level 1 in Invocations
   466 | D:3      | Reached skill level 1 in Fighting
   466 | D:3      | Reached skill level 1 in Short Blades
   466 | D:3      | Reached skill level 1 in Long Blades
   466 | D:3      | Reached skill level 1 in Axes
   466 | D:3      | Reached skill level 1 in Maces & Flails
   466 | D:3      | Reached skill level 1 in Polearms
   466 | D:3      | Reached skill level 1 in Staves
   466 | D:3      | Reached skill level 1 in Slings
   466 | D:3      | Reached skill level 1 in Bows
   466 | D:3      | Reached skill level 1 in Crossbows
   466 | D:3      | Reached skill level 1 in Throwing
   466 | D:3      | Reached skill level 1 in Armour
   466 | D:3      | Reached skill level 1 in Shields
   466 | D:3      | Reached skill level 1 in Unarmed Combat
   466 | D:3      | Reached skill level 1 in Evocations
   468 | D:3      | Reached XP level 4. HP: 7/32 MP: 7/11
   548 | D:4      | HP: 2/32 [cirnu's ghost (9)]
   549 | D:4      | Slain by cirnu's ghost

Vault maps used:
D:1:      enne_arrival_octagon_isle, minmay_octomino_e4
D:2:      tso_metal_star
D:3:      lemuel_coloured_pillars_altar, chequers_ecumenical_altar_island,
          nrook_mini_backslash, minmay_rat_hole
D:4:      vehumet_crystals, nicolae_overflow_hidden_temple, enter_ossuary_1,
          uniq_blork_the_orc

Skill      XL: |  1  2  3 |
---------------+----------+-----
Transmutations | 2 |  2.2
Spellcasting   | 5 |  5.0
Invocations    | 1 |  1.1
Fighting       | 1 |  1.0
Short Blades   | 1 |  1.0
Long Blades    | 1 |  1.0
Axes           | 1 |  1.0
Maces & Flails | 1 |  1.0
Polearms       | 1 |  1.0
Staves         | 1 |  1.0
Slings         | 1 |  1.0
Bows           | 1 |  1.0
Crossbows      | 1 |  1.0
Throwing       | 1 |  1.0
Armour         | 1 |  1.0
Shields        | 1 |  1.0
Unarmed Combat | 1 |  1.0
Evocations     | 1 |  1.0
Dodging        | |  4.6
Stealth        | |  4.2
Conjurations   | |  0.7
Hexes          | |  0.7
Charms         | |  0.7
Summonings     | |  0.7
Necromancy     | |  0.7
Translocations | |  0.7
Fire Magic     | |  0.7
Ice Magic      | |  0.7
Air Magic      | |  0.7
Earth Magic    | |  5.4
Poison Magic   | |  0.7

Action                   |  1- 3 |  4- 6 || total
-------------------------+-------+-------++-------
Melee: Unarmed           |     2 |       ||     2
       Club              |     2 |       ||     2
Throw: Throwing net      |       |     1 ||     1
 Cast: Sandblast         |    24 |    10 ||    34
       Passwall          |     6 |       ||     6
  Use: Potion            |     2 |     1 ||     3
       Scroll            |       |     3 ||     3
 Stab: Sleeping          |     3 |       ||     3
Dodge: Dodged            |    22 |     9 ||    31

Table legend:
 A = Spawn XP
 B = Non-spawn XP
 C = Spawn XP percentage of total XP
 D = Spawn monster count
 E = Non-spawn monster count
 F = Spawn count percentage of total count
 G = Total turns spent on level
                    A         B        C        D         E        F      G
               +---------+---------+-------+---------+---------+-------+---------
         Total |       0 |      92 |   0.0 |       0 |      18 |   0.0 |   549
               +---------+---------+-------+---------+---------+-------+---------
           D:1 |       0 |       7 |   0.0 |       0 |       3 |   0.0 |    76
           D:2 |       0 |      18 |   0.0 |       0 |       6 |   0.0 |   252
           D:3 |       0 |      67 |   0.0 |       0 |       9 |   0.0 |   209
               +---------+---------+-------+---------+---------+-------+---------

Table legend:
 A = Turns spent in this place as a percentage of turns spent in the entire game.
 B = Non-inter-level travel turns spent in this place as a percentage of non-inter-level travel turns spent in the entire game.
 C = Inter-level travel turns spent in this place as a percentage of turns spent in this place.
 D = Turns resting spent in this place as a percentage of non-inter-level travel turns spent in this place.
 E = Turns spent auto-exploring this place as a percentage of non-inter-level travel turns spent in this place.
 F = Non-inter-level travel turns spent in this place divided by the number of levels of this place that you've seen.
                   A       B       C       D       E      F
               +-------+-------+-------+-------+-------+----------------------
         Total | 100.0 | 100.0 |   0.0 |   0.0 |   0.0 | 137.2
       Dungeon | 100.0 | 100.0 |   0.0 |   0.0 |   0.0 | 137.2
               +-------+-------+-------+-------+-------+----------------------

Table legend:
 A = Kills in this place as a percentage of kills in entire the game.
 B = Kills by you in this place as a percentage of kills by you in the entire game.
 C = Kills by friends in this place as a percentage of kills by friends in the entire game.
 D = Other kills in this place as a percentage of other kills in the entire game.
 E = Experience gained in this place as a percentage of experience gained in the entire game.
 F = Experience gained in this place divided by the number of levels of this place that you have seen.
                   A       B       C       D       E      F
               +-------+-------+-------+-------+-------+----------------------
         Total | 100.0 | 100.0 |   N/A |   N/A | 100.0 |  23.0
       Dungeon | 100.0 | 100.0 |   N/A |   N/A | 100.0 |  23.0
               +-------+-------+-------+-------+-------+----------------------

Vault maps used:
D:1:      enne_arrival_octagon_isle, minmay_octomino_e4
D:2:      tso_metal_star
D:3:      lemuel_coloured_pillars_altar, chequers_ecumenical_altar_island,
          nrook_mini_backslash, minmay_rat_hole
D:4:      vehumet_crystals, nicolae_overflow_hidden_temple, enter_ossuary_1,
          uniq_blork_the_orc
